 Dungeon Crawl Stone Soup version 0.31-a0-1009-g454b1f1e0a (webtiles) character file.

Game seed: 6710758613364354295

9709 Queen the Nimble (level 11, -1/68 HPs)
             Began as a Merfolk Ice Elementalist on Nov 16, 2023.
             Was an Elder of Sif Muna.
             Killed by vampiric draining
             ... invoked by a vampire
              (15 damage)
             ... on level 12 of the Dungeon.
             The game lasted 00:49:34 (15688 turns).

Queen the Nimble (Merfolk Ice Elementalist)        Turns: 15688, Time: 00:49:35

Health: -1/68      AC: 13    Str:  8    XL:     11   Next: 50%
Magic:  12/22      EV: 17    Int: 21    God:    Sif Muna [****..]
Gold:   500        SH:  0    Dex: 16    Spells: 11/25 levels left

rFire   . . .        a - +6 short sword (vamp)
rCold   . . .        (no shield)
rNeg    . . .        I - +0 troll leather armour
rPois   +            O - +0 helmet {Int+3}
rElec   .            h - +0 cloak
rCorr   .            z - +0 pair of gloves
SInv    .            (no boots)
Will    .....        (no amulet)
Stlth   ++++         w - ring of poison resistance
HPRegen 1.11/turn    j - ring of wizardry
MPRegen 0.18/turn

%: wizardry (x1)
@: ice-armoured, freezing walls
A: (nimble swimmer 2), mertail
a: Renounce Religion, Channel Magic, Forget Spell, Divine Exegesis


You were on level 12 of the Dungeon.
You worshipped Sif Muna.
Sif Muna was greatly pleased with you.
You visited 1 branch of the dungeon, and saw 12 of its levels.

You collected 816 gold pieces.
You spent 316 gold pieces at shops.

Inventory:

Hand Weapons
 a - a +6 vampiric short sword (weapon)
 C - a +2 short sword of electrocution
Missiles
 y - 5 throwing nets
 G - 8 poisoned darts
 M - a curare-tipped dart
Armour
 h - a +0 cloak (worn)
 z - a +0 pair of gloves (worn)
 I - a +0 troll leather armour (worn)
 O - a +0 helmet of intelligence (worn)
Magical Staves
 b - a staff of cold
Jewellery
 c - a ring of see invisible
 j - a ring of wizardry (right hand)
 t - a ring of flight
 w - a ring of poison resistance (left hand)
Wands
 m - a wand of polymorph (28)
 A - a wand of mindburst (8)
 E - a wand of flame (63)
 J - a wand of charming (9)
 L - a wand of acid (10)
Scrolls
 d - a scroll of poison
 g - a scroll of vulnerability
 i - 5 scrolls of teleportation
 l - 2 scrolls of enchant weapon
 o - a scroll of amnesia
 s - 3 scrolls of immolation
 v - a scroll of identify {@r1}
 D - a scroll of enchant armour
 F - a scroll of brand weapon
 K - 2 scrolls of revelation {unknown}
 N - a scroll of blinking {unknown}
Potions
 e - 4 potions of mutation {unknown}
 f - 2 potions of ambrosia
 k - 7 potions of curing
 n - a potion of cancellation
 p - 3 potions of attraction
 q - 2 potions of resistance {unknown}
 r - 2 potions of brilliance
 u - 2 potions of lignification
 x - a potion of might {unknown}
 B - 2 potions of degeneration {unknown}
 H - 2 potions of heal wounds


   Skills:
 * Level 5.6 Short Blades
 + Level 11.0 Dodging
 + Level 10.1 Stealth
 + Level 7.8 Spellcasting
 * Level 4.7 Hexes
 + Level 10.0 Ice Magic


You had 11 spell levels left.
You knew the following spells:

 Your Spells              Type           Power      Damage    Failure   Level
a - Freeze                Ice            100%       1d10      1%          1
b - Frozen Ramparts       Ice            100%       1d16      1%          3
c - Ozocubu's Armour      Ice            50%        N/A       1%          3
d - Ensorcelled Hibernat  Hex/Ice        78%        N/A       1%          2
e - Blink                 Tloc           16%        N/A       8%          2
f - Tukima's Dance        Hex            28%        N/A       1%          3

Your spell library contained the following spells:

 Spells                   Type           Power      Damage    Failure   Level
 Summon Small Mammal      Summ           32%        N/A       4%          1
 Summon Guardian Golem    Hex/Summ       18%        N/A       5%          3
 Summon Ice Beast         Ice/Summ       29%        N/A       6%          4
 Passwall                 Tmut/Erth      6%         N/A       8%          2
 Call Canine Familiar     Summ           8%         N/A       14%         3
 Swiftness                Air            8%         N/A       14%         3
 Animate Dead             Necr           8%         N/A       41%         4
 Manifold Assault         Tloc           8%         N/A       41%         4
 Passage of Golubria      Tloc           8%         N/A       41%         4
 Yara's Violent Unravell  Hex/Tmut       9%         3d6       43%         5
 Borgnjor's Vile Clutch   Necr/Erth      4%         N/A       75%         5
 Death Channel            Necr           4%         N/A       99%         6


Dungeon Overview and Level Annotations

Branches:
Dungeon (12/15)            Temple (0/1) D:7             Orc (0/2) D:11
   Lair: D:8-11

Altars:
Ashenzari
Cheibriados
Dithmenos
Fedhas
Hepliaklqana
Kikubaaqudgha
Makhleb
Ru
Sif Muna
Uskayaw
Zin

Shops:
D:6 [*   D:10 *

Annotations:
D:2 exclusion: downstairs
D:4 3 runed translucent doors, Queen's ghost, amateur MfSh
D:6 exclusion: ice beast
D:10 exclusion: 3 downstairs


Innate Abilities, Weirdness & Mutations

((You are very nimble when in or above water. (Stealth+, EV+, Speed+++)))
Your lower body shifts to a powerful aquatic tail in water.


Message History

The wall freezes something.
You hear some strange, mumbled words.
Something tries to affect you, but you resist.
You regained 2 hp, and now have 31/68 hp.
You now have 15/22 mp.
Aiming: Freeze (safe; 1% risk of failure)
Press: ? - help, Q - select action, (/) - cycle Shift-Dir - straight line You freeze something.
The wall freezes something but does no damage.
Something hits you! Something bites you but does no damage.
You take 7 damage, and have 24/68 hp.
You now have 14/22 mp.
Okay, then.
You barely miss something. You barely miss something.
The wall freezes something but does no damage.
Something hits you. Something barely misses you.
You hit something.
The frozen ramparts melt away.
Something hits you. Something bites you but does no damage.
You hit something but do no damage.
Casting: Freeze (safe; 1% risk of failure)
Confirm with . or Enter, or press ? or * to list all spells.
You can't see any susceptible monsters within range! (Use Z to cast anyway.)
Casting: Freeze (safe; 1% risk of failure)
Confirm with . or Enter, or press ? or * to list all spells.
Casting: Frozen Ramparts (safe; 1% risk of failure)
Press: ? - help, Dir - look around, f - activate The walls around you are covered in ice.
The wall freezes something but does no damage.
Something hits you!
* * * LOW HITPOINT WARNING * * *
Something bites you but does no damage.
You take 8 damage, and have 17/68 hp.
You now have 12/22 mp.
You closely miss something.
The wall freezes something.
Something hits you.
* * * LOW HITPOINT WARNING * * *
Something barely misses you.
You take 4 damage, and have 13/68 hp.
You miss something.
The wall freezes something but does no damage.
Something draws life force from you!
You die...

#........#.#
#.#####.##.#
#.#...#.##.#
#..<..#.##.#
#######.##.#
.........#.#
#######..#.#
..........#
########.@#
#......){......
#.####)#######.
)). #.## .. ...
..#.


There were no monsters in sight!

Vanquished Creatures
  2 two-headed ogres
  A manticore (D:11)
  2 trolls (D:11)
  2 hornets
  Sigmund (D:3)
  3 wyverns
  A vampire (D:11)
  16 yaks
  A human (D:11)
  A steam dragon (D:8)
  An acid dragon (D:8)
  2 water moccasins
  5 orc warriors
  2 black bears
  An ogre (D:6)
  5 centaurs
  A phantom (D:5)
  5 bullfrogs
  4 gnoll sergeants
  3 kobold brigands
  Blork the orc (D:4)
  A scorpion (D:6)
  2 howler monkeys
  4 hounds
  A jelly (D:6)
  Crazy Yiuf (D:2)
  A gnoll bouda (D:7)
  9 orc priests
  Terence (D:3)
  A sleepcap (D:7)
  Natasha (thrice) (D:2)
  An iguana (D:4)
  15 orc wizards
  Ijyb (D:3)
  Robin (D:3)
  25 gnolls
  10 adders
  A shadow imp (D:6)
  2 worms
  38 orcs
  13 ball pythons
  5 endoplasms
  3 giant cockroaches
  8 goblins
  12 hobgoblins
  7 jackals
  22 kobolds
  2 quokkas
  3 bats (D:1)
  A frilled lizard (D:1)
  4 rats
258 creatures vanquished.

Notes
Turn   | Place    | Note
-------+----------+-------------------------------------------
     0 | D:1      | Queen the Merfolk Ice Elementalist began the quest for the
                  | Orb.
     0 | D:1      | Reached XP level 1. HP: 13/13 MP: 3/3
   245 | D:1      | Reached XP level 2. HP: 19/19 MP: 1/5
   256 | D:1      | Reached skill level 3 in Dodging
   785 | D:1      | Reached XP level 3. HP: 24/24 MP: 4/6
   809 | D:1      | Learned a level 3 spell: Frozen Ramparts
  1196 | D:2      | Noticed Natasha
  1200 | D:2      | Killed Natasha
  1201 | D:2      | Reached XP level 4. HP: 30/30 MP: 4/7
  1283 | D:2      | Learned a level 3 spell: Ozocubu's Armour
  1712 | D:2      | Found a runed translucent door.
  1713 | D:2      | Noticed Crazy Yiuf
  1891 | D:2      | Noticed Natasha
  1897 | D:2      | Killed Natasha
  1898 | D:2      | Reached skill level 5 in Ice Magic
  2049 | D:2      | Noticed Natasha
  2345 | D:2      | Killed Natasha
  2346 | D:2      | Reached skill level 4 in Dodging
  2346 | D:2      | Reached XP level 5. HP: 35/35 MP: 3/9
  2560 | D:3      | Learned a level 2 spell: Ensorcelled Hibernation
  2604 | D:3      | Noticed Robin
  2605 | D:3      | Noticed Terence
  2605 | D:3      | Noticed Sigmund
  2605 | D:3      | Noticed Ijyb
  2954 | D:4      | Found a hazy altar of Hepliaklqana.
  2964 | D:4      | Noticed Blork the orc
  2997 | D:4      | Found a runed translucent gate.
  2998 | D:4      | Found a runed translucent gate.
  3000 | D:4      | Found a runed translucent gate.
  3002 | D:4      | Noticed Queen's ghost (amateur MfSh)
  3073 | D:4      | Found a broken altar of Ashenzari.
  3075 | D:4      | Found a shimmering blue altar of Sif Muna.
  3597 | D:4      | Reached XP level 6. HP: 37/41 MP: 5/10
  4047 | D:4      | Became a worshipper of Sif Muna the Loreminder
  4219 | D:5      | Entered Level 5 of the Dungeon
  4436 | D:5      | Reached skill level 5 in Dodging
  4499 | D:5      | Noticed a black bear
  4505 | D:5      | Killed a black bear
  4616 | D:5      | Reached XP level 7. HP: 35/46 MP: 3/12
  4918 | D:5      | Reached skill level 5 in Stealth
  5646 | D:6      | Reached skill level 6 in Dodging
  5675 | D:6      | Found Pesakes's General Store.
  5682 | D:6      | Bought a scroll of teleportation for 36 gold pieces
  5889 | D:6      | Found an ancient bone altar of Kikubaaqudgha.
  5914 | D:6      | Reached XP level 8. HP: 52/52 MP: 14/14
  5924 | D:6      | Reached * piety under Sif Muna
  6472 | D:6      | Found Tarifima's Armour Boutique.
  6476 | D:6      | Bought a +2 helmet for 165 gold pieces
  6665 | D:6      | Reached skill level 7 in Dodging
  6965 | D:6      | Reached skill level 5 in Spellcasting
  7085 | D:7      | Found a staircase to the Ecumenical Temple.
  7397 | D:7      | Reached XP level 9. HP: 46/57 MP: 5/17
  7812 | D:7      | Reached ** piety under Sif Muna
  7813 | D:7      | Reached skill level 8 in Dodging
  8740 | D:8      | Learned a level 2 spell: Blink
  8919 | D:8      | Noticed a two-headed ogre
  9105 | D:8      | Killed a two-headed ogre
  9106 | D:8      | Reached skill level 9 in Dodging
  9669 | D:9      | Reached XP level 10. HP: 38/63 MP: 9/19
  9908 | D:4      | Killed Blork the orc
 10016 | D:4      | Found a snail-covered altar of Cheibriados.
 10046 | D:4      | Found a shadowy altar of Dithmenos.
 10502 | D:9      | Learned a level 3 spell: Tukima's Dance
 10549 | D:9      | Reached skill level 10 in Dodging
 10699 | D:9      | Found a hide-covered altar of Uskayaw.
 10777 | D:9      | Reached skill level 1 in Hexes
 10782 | D:9      | Reached skill level 1 in Short Blades
 10875 | D:9      | Found a burning altar of Makhleb.
 11025 | D:9      | Found a sacrificial altar of Ru.
 11638 | D:10     | Entered Level 10 of the Dungeon
 11702 | D:9      | Reached *** piety under Sif Muna
 12169 | D:10     | Found a blossoming altar of Fedhas.
 12186 | D:10     | Found Fophuruec's Changing Room.
 12502 | D:10     | You fall into a shaft and drop 1 floor!
 12513 | D:11     | Reached XP level 11. HP: 68/68 MP: 22/22
 13075 | D:2      | Killed Crazy Yiuf
 13255 | D:3      | Found a glowing silver altar of Zin.
 13278 | D:3      | Killed Ijyb
 13281 | D:3      | Killed Robin
 13427 | D:3      | Killed Terence
 13607 | D:3      | Killed Sigmund
 13640 | D:3      | Found a glowing silver altar of Zin.
 14247 | D:11     | Noticed a skeletal warrior
 14252 | D:11     | Noticed a skeletal warrior
 14320 | D:11     | Reached **** piety under Sif Muna
 14394 | D:11     | Noticed a skeletal warrior
 14396 | D:11     | Noticed a skeletal warrior
 14550 | D:6      | Bought a +0 helmet of intelligence for 115 gold pieces
 14790 | D:11     | Noticed a two-headed ogre
 14803 | D:11     | Killed a two-headed ogre
 14869 | D:11     | Reached skill level 5 in Short Blades
 14869 | D:11     | Reached skill level 10 in Stealth
 14872 | D:11     | Reached skill level 11 in Dodging
 14872 | D:11     | Reached skill level 10 in Ice Magic
 15211 | D:11     | Found a staircase to the Orcish Mines.
 15479 | D:11     | Noticed a manticore
 15495 | D:11     | Killed a manticore
 15688 | D:12     | Killed from afar by a vampire

Illustrated notes

Levels and vault maps discovered:
D:1:      minmay_arrival_three_doors, layout_basic, minmay_hexomino_f4
D:2:      layout_loops_ring, uniq_natasha, uniq_crazy_yiuf_cottage
D:3:      layout_basic, zin_statuary, nicolae_goblin_pals, uniq_robin,
          uniq_terence, uniq_sigmund, uniq_ijyb
D:4:      layout_cave_pods, mainiacjoe_overflow_brackets, jmf_multi_god_temple,
          mainiacjoe_overflow_two_lobes, gammafunk_ghost_necromancy,
          uniq_blork_the_orc
D:5:      layout_cave_pods
D:6:      layout_cave_pods, mainiacjoe_overflow_catwalk, serial_gnoll_camp,
          gnoll_camp_mini_hut, gnoll_camp_mini_doghouse,
          gnoll_camp_mini_sergeant, gnoll_camp_mini_shop, serial_shops, shop
D:7:      layout_basic, minmay_temple_entry_purple_smoke
D:8:      layout_layer_cave
D:9:      layout_loops_ring, marbit_many_paths,
          mainiacjoe_overflow_tiny_flanked, mainiacjoe_overflow_surrounded_room
D:10:     layout_roguey, amcnicky_altar_gilded, nicolae_transmutations_shop
D:11:     layout_irregular_city, lair_entry_dummy, erik_orc_4
D:12:     layout_basic, uniq_snorg

Skill      XL: |  1  2  3  4  5  6  7  8  9 10 11 |
---------------+----------------------------------+-----
Dodging        | 3 4 5 6 7 9 10 11 | 11.0
Stealth        | 3 4 5 6 8 9 10 | 10.1
Ice Magic      | 5 6 7 8 9 10 | 10.0
Spellcasting   | 3 4 5 6 7 |  7.8
Hexes          | 3 4 |  4.7
Short Blades   | 3 5 |  5.6

Action                     |  1- 3 |  4- 6 |  7- 9 | 10-12 || total
---------------------------+-------+-------+-------+-------++-------
  Melee: Dagger            |     7 |       |       |       ||     7
         Short sword       |    15 |    44 |    29 |    29 ||   117
         Staff             |       |       |       |     8 ||     8
  Throw: Dart              |       |       |       |     9 ||     9
   Cast: Freeze            |    31 |    48 |   100 |   132 ||   311
         Frozen Ramparts   |       |    11 |    31 |    36 ||    78
         Ozocubu's Armour  |       |     4 |    16 |    28 ||    48
  Evoke: Wand              |       |       |     5 |       ||     5
    Use: Scroll            |       |     6 |     3 |     5 ||    14
         Potion            |       |       |     3 |       ||     3
   Stab: Sleeping          |     4 |    10 |     3 |     9 ||    26
         Distracted        |       |     1 |       |       ||     1
 Armour: Robe              |    31 |    35 |    82 |    58 ||   206
         Troll leather arm |       |       |       |    47 ||    47
  Dodge: Dodged            |    28 |    61 |    93 |   143 ||   325

Table legend: (Time is in decaauts)
 A = Elapsed time spent in this place.
 B = Non-inter-level travel time spent in this place.
 C = Inter-level travel time spent in this place.
 D = Time resting spent in this place.
 E = Time spent auto-exploring this place.
 F = Levels seen in this place.
 G = Mean time per level.
                   A        B        C        D        E       F      G
               +--------+--------+--------+--------+--------+-----+--------+
         Total |  15707 |  13853 |   1854 |   2937 |   8552 |  12 | 1308.9 |
       Dungeon |  15707 |  13853 |   1854 |   2937 |   8552 |  12 | 1308.9 |
               +--------+--------+--------+--------+--------+-----+--------+

Top non-repeatable levels by time:
     D:6: 1966 daAuts
     D:2: 1761 daAuts
     D:8: 1730 daAuts
     D:4: 1651 daAuts
     D:7: 1381 daAuts
     D:9: 1320 daAuts
     D:5: 1318 daAuts
    D:11: 1205 daAuts
    D:10: 1138 daAuts
     D:3: 1108 daAuts
     D:1: 1087 daAuts
    D:12: 37 daAuts
